 Dungeon Crawl Stone Soup version 0.18.1-1-g2f07953 (webtiles) character file.

114 CrazyArbalest the Bolt Thrower (level 4, 0/37 HPs)
             Began as a Minotaur Hunter on May 7, 2016.
             Slain by an orc priest
             ... wielding a +1 hand axe of electrocution
              (12 damage)
             ... on level 3 of the Dungeon.
             The game lasted 00:11:00 (1619 turns).

CrazyArbalest the Bolt Thrower (Minotaur Hunter)    Turns: 1619, Time: 00:11:07

Health: 0/37       AC:  6    Str: 17    XL:     4   Next: 66%
Magic:  1/3        EV: 12    Int:  8    God:    Xom [..*...]
Gold:   84         SH:  0    Dex: 11    Spells: 0 memorised, 3 levels left

rFire  . . .     SeeInvis .     b - +1 hand crossbow
rCold  . . .     Gourm    .     c - +0 leather armour
rNeg   . . .     Faith    .     (no shield)
rPois  .         Spirit   .     (helmet restricted)
rElec  .         Dismiss  .     r - +2 cloak {+Inv}
rCorr  .         Reflect  .     (no gloves)
SustAt .         Harm     .     (no boots)
MR     .....                    (no amulet)
Stlth  +.........               (no ring)
                                (no ring)

@: very slightly contaminated, invisible, not resistant to hostile enchantments,
very unstealthy
A: retaliatory headbutt, horns 2
a: Renounce Religion, Turn Visible


You were on level 3 of the Dungeon.
You worshipped Xom.
You were a toy of Xom.
You were hungry.

You visited 1 branch of the dungeon, and saw 3 of its levels.

You collected 84 gold pieces.

Inventory:

Hand Weapons
 a - a +0 club
 b - a +1 hand crossbow (weapon)
 m - a +0 dagger
Missiles
 d - 12 bolts (quivered)
Armour
 c - a +0 leather armour (worn)
 r - a +2 cloak of invisibility (worn)
Scrolls
 h - 2 scrolls of immolation {unknown}
 j - a scroll of noise {unknown}
 k - a scroll of amnesia {unknown}
 o - a scroll of remove curse {unknown}
 q - a scroll of random uselessness {unknown}
Potions
 e - a potion of curing {unknown}
 i - 2 potions of magic {unknown}
 n - a potion of cancellation {unknown}
 p - 2 potions of lignification {unknown}
Comestibles
 f - 2 bread rations
 l - 2 royal jellies


   Skills:
 + Level 2.7 Fighting
 * Level 2.0 Maces & Flails
 * Level 5.5 Crossbows
 + Level 1.2 Armour
 + Level 3.0 Dodging
 + Level 1.0 Stealth


You had 3 spell levels left.
You didn't know any spells.

Dungeon Overview and Level Annotations

Branches:
Dungeon (3/15)

Altars:
Xom
The Shining One

Annotations:
D:1 1 runed door


Innate Abilities, Weirdness & Mutations

You reflexively headbutt those who attack you in melee.
You have a pair of horns on your head.


Message History

The orc priest is moderately wounded.
Firing (i - inventory):
d - 14 bolts (quivered)
Press: ? - help, Shift-Dir - straight line, f/p - orc wizard
Aim: an orc wizard, wielding a dagger and wearing a robe You shoot a bolt.
The bolt completely misses the orc priest.
The bolt hits the orc!
The orc is almost dead.
The orc priest hits you but does no damage.
You are electrocuted!
Firing (i - inventory):
d - 13 bolts (quivered)
Press: ? - help, Shift-Dir - straight line, f/p - orc wizard
Aim: an orc wizard, wielding a dagger and wearing a robe You shoot a bolt.
The bolt hits the orc priest!
The orc priest is almost dead.
The orc closely misses you.
The orc priest hits you with a hand axe of electrocution!
You emit a cloud of colourful smoke!
You are electrocuted!
You die...

.(..# ...# ...#
.o# o(. .#
.######o###...#
......oo§.....#
#@# ...#
#######§####..#
..............# .
##...###..##..#..
#.? #...#.... #.
#.#.##.## #
#.#....<# #
#.#..#.## .#
#.#..#.# ..#


You could see an orc priest, an orc wizard and 3 orcs.

Vanquished Creatures
  Ijyb (D:2)
  2 adders (D:2)
  2 worms (D:2)
  4 dart slugs (D:2)
  4 giant geckos
  9 bats
  A giant cockroach (D:1)
  6 goblins
  5 hobgoblins
  3 jackals (D:2)
  3 giant newts
  9 kobolds
  5 rats
54 creatures vanquished.

Notes
Turn   | Place    | Note
--------------------------------------------------------------
     0 | D:1      | CrazyArbalest the Minotaur Hunter began the quest for the Orb.
     0 | D:1      | Reached XP level 1. HP: 18/18 MP: 0/0
     0 | D:1      | Noticed a jelly
     2 | D:1      | Found a runed door.
   150 | D:1      | Reached XP level 2. HP: 19/25 MP: 1/1
   361 | D:1      | Reached skill level 5 in Crossbows
   616 | D:1      | Found a glowing golden altar of the Shining One.
   872 | D:1      | Reached XP level 3. HP: 30/30 MP: 2/2
   972 | D:2      | Reached skill level 1 in Maces & Flails
   997 | D:2      | Found a faded altar to an unknown god.
  1041 | D:2      | Became a worshipper of Xom the Elder Chaos God
  1119 | D:2      | Reached skill level 1 in Armour
  1166 | D:2      | Noticed Ijyb
  1170 | D:2      | XOM: potion effect (invisibility)
  1175 | D:2      | Killed Ijyb
  1175 | D:2      | Reached skill level 1 in Stealth
  1175 | D:2      | Reached XP level 4. HP: 15/37 MP: 3/3
  1297 | D:2      | XOM: mild Conj miscast
  1365 | D:2      | XOM: god gift: embroidered cloak {god gift}
  1619 | D:3      | XOM: smoke on damage
  1619 | D:3      | Slain by an orc priest

Skill      XL: |  1  2  3  4 |
---------------+-------------+-----
Crossbows      | 5 |  5.5
Maces & Flails | 1 2 |  2.0
Armour         | 1 |  1.2
Stealth        | 1 |  1.0
Dodging        | 3 |  3.0
Fighting       | |  2.7

Action                   |  1- 3 |  4- 6 || total
-------------------------+-------+-------++-------
Melee: Short sword       |     9 |       ||     9
       Club              |    94 |    23 ||   117
       Headbutt          |    19 |     6 ||    25
 Fire: Hand crossbow     |    11 |     8 ||    19
 Abil: Evoke Invisibilit |       |     1 ||     1
 Stab: Sleeping          |     1 |       ||     1
  Eat: Chunk             |     1 |     1 ||     2
Armor: Leather armour    |    24 |    10 ||    34
Dodge: Dodged            |    79 |    21 ||   100
